 Dungeon Crawl Stone Soup version 0.18-a0-1396-g8753ca6 (webtiles) character file.

1341 Kidiri the Thaumaturge (level 8, -2/41 HPs)
             Began as a Deep Elf Fire Elementalist on Feb 23, 2016.
             Was a Follower of Vehumet.
             Killed from afar by a deep elf knight (32 damage)
             ... with a shard of ice
             ... on level 5 of the Dungeon.
             The game lasted 00:20:41 (6298 turns).

Kidiri the Thaumaturge (Deep Elf Fire Elementalist) Turns: 6298, Time: 00:20:42

Health: -2/41      AC:  7    Str:  5    XL:     8   Next: 35%
Magic:  2/31       EV: 14    Int: 23    God:    Vehumet [*.....]
Gold:   206        SH:  0    Dex: 13    Spells: 8 memorised, 0 levels left

rFire  . . .     SeeInvis .     A - +0 rapier
rCold  . . .     Gourm    .     a - +2 robe
rNeg   . . .     Faith    .     (no shield)
rPois  .         Spirit   .     (no helmet)
rElec  .         Dismiss  .     w - +2 cloak
rCorr  .         Reflect  .     (no gloves)
SustAt .         Harm     .     (no boots)
MR     .....     Rnd*Tele +     (no amulet)
Stlth  +++.......               y - ring of wizardry
                                v - ring of magical power

@: not resistant to hostile enchantments, fairly stealthy
A: clumsy 1, sense surroundings 1, teleportitis 1
a: Renounce Religion


You were on level 5 of the Dungeon.
You worshipped Vehumet.
Vehumet was aware of your devotion.
You were not hungry.

You visited 2 branches of the dungeon, and saw 6 of its levels.

You collected 206 gold pieces.

Inventory:

Hand Weapons
 A - a +0 rapier (weapon)
Armour
 a - a +2 robe (worn)
 b - a +1 robe of magic resistance
 w - a +2 cloak (worn)
Jewellery
 s - an uncursed ring of positive energy
 v - a ring of magical power (left hand)
 y - a ring of wizardry (right hand)
Scrolls
 f - a scroll of enchant armour
 j - 2 scrolls of immolation
 n - a scroll of remove curse
 q - 2 scrolls of blinking
 u - a scroll of teleportation
Potions
 d - a potion of brilliance
 e - 2 potions of berserk rage {unknown}
 g - 3 potions of cure mutation {unknown}
 i - 3 potions of haste
 k - a potion of agility
 l - a potion of flight {unknown}
 m - a potion of degeneration {unknown}
 o - a potion of heal wounds {unknown}
 z - a potion of curing {unknown}
Books
 t - a book of Power

   Spells                             Type                      Level
   a - Fulminant Prism                Conjuration/Hexes            4
   b - Iskenderun's Mystic Blast      Conjuration                  4
   c - Venom Bolt                     Conjuration/Poison           5
   d - Bolt of Magma                  Conjuration/Fire/Earth       5
   e - Iron Shot                      Conjuration/Earth            6
   f - Orb of Destruction             Conjuration                  7
   g - Spellforged Servitor           Conjuration/Summoning        7
Comestibles
 c - 7 bread rations
 h - 2 meat rations


   Skills:
 + Level 5.0 Dodging
 + Level 5.1 Stealth
 * Level 8.0 Spellcasting
 + Level 3.8 Conjurations
 + Level 4.8 Hexes
 + Level 5.1 Fire Magic
 + Level 1.9 Ice Magic


You couldn't memorise any spells.
You knew the following spells:

 Your Spells              Type           Power        Failure   Level  Hunger
a - Flame Tongue          Conj/Fire      ####.        1%          1    None
b - Throw Flame           Conj/Fire      ####..       1%          2    None
c - Conjure Flame         Conj/Fire      ####....     1%          3    None
d - Inner Flame           Hex/Fire       ####....     1%          3    None
e - Sticky Flame          Conj/Fire      ####....     4%          4    ###....
f - Fireball              Conj/Fire      ####......   12%         5    #####..
g - Freeze                Ice            ###.         1%          1    None
h - Fulminant Prism       Conj/Hex       ####......   6%          4    ###....


Dungeon Overview and Level Annotations

Branches:
Dungeon (5/15)             Temple (1/1) D:4

Altars:
Ashenzari
Cheibriados
Dithmenos
Elyvilon
Fedhas
Gozag
Kikubaaqudgha
Makhleb
Pakellas
Qazlal
Ru
Sif Muna
Vehumet
Xom
Yredelemnul
The Shining One


Innate Abilities, Weirdness & Mutations

You are clumsy. (Dex -2)
You passively map a small area around you.
You are occasionally teleported next to monsters.


Message History

Aiming: Flame Tongue
Press: ? - help, Shift-Dir - straight line, f/p - deep elf knight
Aim: a deep elf knight, wielding a rapier, wearing a leather armour and wearing a buckler (almost dead)
The deep elf knight blocks the flame tongue.
Casting: Flame Tongue
Confirm with . or Enter, or press ? or * to list all spells.
Aiming: Flame Tongue
Press: ? - help, Shift-Dir - straight line, f/p - deep elf knight
Aim: a deep elf knight, wielding a rapier, wearing a leather armour and wearing a buckler (almost dead)
The deep elf knight blocks the flame tongue.
Casting: Flame Tongue
Confirm with . or Enter, or press ? or * to list all spells.
Aiming: Flame Tongue
Press: ? - help, Shift-Dir - straight line, f/p - deep elf knight
Aim: a deep elf knight, wielding a rapier, wearing a leather armour and wearing a buckler (almost dead)
The deep elf knight blocks the flame tongue.
The deep elf knight points at you and mumbles some strange words.
The shard of ice hits you!
Ouch! That really hurt!
You die...

#...#.##.#...# #.#,
#.#.#.##.#.#.# #.#
#.#.#.##.#.#.# #.# *
#.#....#.#.#.# #.# ,
#.##.....#.#.# #.# ,
#..+.....#.#.#####.#
, ,
####.....#.#.#...#.#
.....)[..#...#.#.#.#
######)#####.#.#@#.#
#[#.....#.#.#.# ,* *
#)#.#...#.#.#§# * *
#.#.#.###.#§#.# * *
, #<........#e#.# *
#.#########z#§# * *
#...........#z# ,* ,
#########..##.# ,, ,
,. ...


You could see a deep elf knight and a wight.

Vanquished Creatures
  A deep elf knight (D:5)
  Edmund (D:4)
  A phantom (D:4)
  A sky beast (D:5)
  A crimson imp (D:5)
  A centaur zombie (D:5)
  A giant frog skeleton (D:4)
  An orc priest (D:3)
  An iguana (D:4)
  4 orc wizards
  3 adders
  3 oozes
  An adder skeleton (D:4)
  4 worms
  4 dart slugs
  5 giant geckos
  27 orcs
  4 giant cockroaches
  8 goblins
  5 hobgoblins
  10 jackals
  7 kobolds
  A ball python (D:1)
  8 bats
  A giant gecko skeleton (D:4)
  8 giant newts
  2 goblin skeletons (D:5)
  A goblin zombie (D:5)
  3 hobgoblin zombies (D:5)
  A kobold skeleton (D:5)
  An orc zombie (D:5)
  9 rats
129 creatures vanquished.

Vanquished Creatures (others)
  A fulminant prism (D:5)
1 creature vanquished.

Grand Total: 130 creatures vanquished

Notes
Turn   | Place    | Note
--------------------------------------------------------------
     0 | D:1      | Kidiri the Deep Elf Fire Elementalist began the quest for the Orb.
     0 | D:1      | Reached XP level 1. HP: 10/10 MP: 6/6
   217 | D:1      | Reached XP level 2. HP: 15/15 MP: 8/8
   221 | D:1      | Learned a level 2 spell: Throw Flame
   766 | D:1      | Reached skill level 4 in Spellcasting
   964 | D:1      | Reached XP level 3. HP: 19/19 MP: 7/10
   969 | D:1      | Learned a level 3 spell: Conjure Flame
   973 | D:1      | Learned a level 3 spell: Inner Flame
  1407 | D:2      | Found a stormy altar of Qazlal.
  1826 | D:2      | Reached skill level 1 in Hexes
  2017 | D:2      | Reached XP level 4. HP: 24/24 MP: 7/12
  2359 | D:3      | Found a shattered altar of Ashenzari.
  2763 | D:3      | Reached XP level 5. HP: 28/28 MP: 8/14
  2770 | D:3      | Learned a level 4 spell: Sticky Flame
  3159 | D:3      | Reached skill level 5 in Spellcasting
  4147 | D:4      | Found a basalt altar of Yredelemnul.
  4424 | D:4      | Found a staircase to the Ecumenical Temple.
  4424 | D:4      | Noticed Edmund
  4433 | D:4      | Killed Edmund
  4433 | D:4      | Reached XP level 6. HP: 32/32 MP: 6/16
  4446 | Temple   | Entered the Ecumenical Temple
  4812 | D:4      | Found a snail-covered altar of Cheibriados.
  4853 | D:4      | Found a deep blue altar of Sif Muna.
  4933 | D:4      | Reached skill level 6 in Spellcasting
  5010 | D:4      | Found an ancient bone altar of Kikubaaqudgha.
  5012 | D:4      | Found a radiant altar of Vehumet.
  5022 | D:4      | Became a worshipper of Vehumet
  5128 | D:4      | Found an oddly glowing altar of Pakellas.
  5279 | D:3      | Reached XP level 7. HP: 33/36 MP: 18/18
  5286 | D:3      | Learned a level 5 spell: Fireball
  5374 | D:5      | Entered Level 5 of the Dungeon
  5633 | D:5      | Gained mutation: You are occasionally teleported next to monsters. [mutagenic meat]
  5634 | D:5      | Gained mutation: You passively map a small area around you. [mutagenic meat]
  5635 | D:5      | Gained mutation: You are clumsy. (Dex -2) [mutagenic meat]
  5713 | D:5      | Found an opulent altar of Gozag.
  5808 | D:5      | Found a glowing golden altar of the Shining One.
  5869 | D:5      | Reached * piety under Vehumet
  5869 | D:5      | Offered knowledge of Freeze by Vehumet.
  5902 | D:5      | Learned a level 1 spell: Freeze
  5915 | D:5      | Reached skill level 7 in Spellcasting
  5972 | D:5      | Noticed a deep elf knight
  5983 | D:5      | Noticed a deep elf knight
  5983 | D:5      | Killed a deep elf knight
  5983 | D:5      | Reached skill level 5 in Dodging
  5983 | D:5      | Reached skill level 5 in Stealth
  5983 | D:5      | Reached skill level 8 in Spellcasting
  5983 | D:5      | Reached skill level 5 in Fire Magic
  5983 | D:5      | Reached skill level 1 in Ice Magic
  5983 | D:5      | Reached XP level 8. HP: 11/41 MP: 16/22
  6238 | D:4      | Learned a level 4 spell: Fulminant Prism
  6298 | D:5      | Killed from afar by a deep elf knight

Vault maps used:
D:1:      dpeg_arrival_rooms_a, serial_forest, infiniplex_forest_lined_corner,
          infiniplex_forest_clump_C, infiniplex_forest_lined_room_3,
          infiniplex_forest_fountain, infiniplex_forest_clump_curved,
          infiniplex_forest_lined_room_, infiniplex_forest_straight_1,
          roderic_roman_lattice
D:2:      lemuel_round_altar, st_stairs_8
D:3:      lemuel_coloured_pillars_altar, first_bread, grunt_ministairs_3
D:4:      lemuel_crystal_altar, yredelemnul_altar_generic, lemuel_crystal_altar,
          gammafunk_temple_overflow_pools, minmay_temple_entry_trees,
          serial_forest, infiniplex_forest_corner_1,
          infiniplex_forest_clump_long, infiniplex_forest_join,
          infiniplex_forest_straight_4, infiniplex_forest_straight_4,
          infiniplex_forest_clump_medium, infiniplex_forest_clump_small,
          infiniplex_forest_diagonal, grunt_pakellas_sulfur, uniq_edmund
D:5:      nicolae_tso_besieged_by_evil, grunt_gozag_breadcrumbs, sword_in_stone
Temple:   hc_temple_tempest_star_small

Skill      XL: |  1  2  3  4  5  6  7 |
---------------+----------------------+-----
Spellcasting   | 4 5 6 8 |  8.0
Hexes          | 1 2 3 4 |  4.8
Dodging        | 3 4 5 |  5.0
Stealth        | 3 4 5 |  5.1
Conjurations   | 2 3 |  3.8
Fire Magic     | 4 5 |  5.1
Ice Magic      | 1 |  1.9

Action                   |  1- 3 |  4- 6 |  7- 9 || total
-------------------------+-------+-------+-------++-------
Melee: Dagger            |    16 |     2 |       ||    18
       Rapier            |       |       |    50 ||    50
 Cast: Flame Tongue      |    38 |    77 |    48 ||   163
       Throw Flame       |    34 |    42 |     8 ||    84
       Inner Flame       |       |     4 |     2 ||     6
       Conjure Flame     |       |     3 |     5 ||     8
       Sticky Flame      |       |     1 |     1 ||     2
       Freeze            |       |       |     4 ||     4
       Fireball          |       |       |     1 ||     1
       Fulminant Prism   |       |       |     1 ||     1
  Use: Scroll            |     5 |     8 |       ||    13
       Potion            |       |       |     1 ||     1
 Stab: Sleeping          |     1 |     1 |       ||     2
  Eat: Chunk             |     4 |     8 |     4 ||    16
       Fruit             |       |     3 |       ||     3
       Meat ration       |       |       |     1 ||     1
